 Dungeon Crawl Stone Soup version 0.21.1-1-g345015f (webtiles) character file.

368 kaesh the Cudgeler (level 6, 0/61 HPs)
             Began as a Troll Berserker on Mar 15, 2018.
             Was a Believer of Trog.
             Slain by an orc
             ... wielding a +0 hand axe
              (2 damage)
             ... on level 4 of the Dungeon.
             The game lasted 00:08:36 (2672 turns).

kaesh the Cudgeler (Troll Berserker)                Turns: 2672, Time: 00:08:37

Health: 0/61       AC:  5    Str: 32 (33) XL:     6   Next: 41%
Magic:  5/5        EV: 10    Int:  0 (3)  God:    Trog [**....]
Gold:   170        SH:  0    Dex:  7 (9)  Spells: 5/5 levels left

rFire    . . .     SeeInvis .   g - +1 giant spiked club
rCold    . . .     Gourm    +   (shield currently unavailable)
rNeg     . . .     Faith    .   b - +0 animal skin
rPois    .         Spirit   .   (helmet restricted)
rElec    .         Reflect  .   (no cloak)
rCorr    .         Harm     .   (gloves unavailable)
MR       .....                  (boots unavailable)
Stlth    +.........             (no amulet)
HPRegen  0.60/turn              (no ring)
MPRegen  0.09/turn              (no ring)

@: mighty, berserk cooldown, slowed, lost intelligence, very slow
A: large, unfitting armour, claws 3, fast metabolism 3, gourmand, regeneration
1, shaggy fur 1, tough skin 2
a: Berserk, Trog's Hand, Burn Spellbooks, Renounce Religion


You were on level 4 of the Dungeon.
You worshipped Trog.
Trog was pleased with you.
You were not hungry.

You visited 1 branch of the dungeon, and saw 4 of its levels.

You collected 170 gold pieces.

Inventory:

Hand Weapons
 g - a +1 giant spiked club (weapon)
Armour
 b - a +0 animal skin (worn)
Scrolls
 f - a scroll of enchant weapon
 h - a scroll of identify
 i - a scroll of teleportation
Potions
 e - 2 potions of curing
Comestibles
 c - 6 rations


   Skills:
 + Level 3.3 Fighting
 + Level 5.2 Maces & Flails
 + Level 3.7 Dodging


You had 5 spell levels left.
You didn't know any spells.

Dungeon Overview and Level Annotations

Branches:
Dungeon (4/15)
 Temple: D:4-7

Altars:
Fedhas
Ru
Wu Jian


Innate Abilities, Weirdness & Mutations

You are too large for most types of armour.
You have claws for hands.
Your metabolism is lightning-fast.
You like to eat raw meat.
Your natural rate of healing is unusually fast.
You are covered in fur. (AC +1)
You have very tough skin. (AC +2)


Message History

You bludgeon the orc!!
You kill the orc!
Trog accepts your kill.
You feel your dexterity returning. The orc hits you but does no damage.
The orc misses you. The orc hits you with a club.
* * * LOW HITPOINT WARNING * * *
The orc hits you with a hand axe.
* * * LOW HITPOINT WARNING * * *
You feel very mighty all of a sudden. The orc hits you but does no damage.
The orc hits you with a hand axe.
* * * LOW HITPOINT WARNING * * *
The orc hits you but does no damage. The orc hits you with a hand axe.
* * * LOW HITPOINT WARNING * * *
Items here: )))) [[[ ††† You closely miss the orc.
The orc hits you with a hand axe!
* * * LOW HITPOINT WARNING * * *
The orc hits you with a hand axe.
You die...

#..............
#.############# #.#
#.# ####.#######
#..........# #
##.##.#####.# .#
#.....# #...####..#
#..##.###.##oo@...#
#...#.....##o####.#
##..#>..........
#..##.#.....#.#
#.....#..####.#
#.#..#.#.#..#.## #
#.##..#.#......##.# #
#.##.#...#........#
####.#.#.....#..#####


You could see 3 orcs.

Vanquished Creatures
  A phantom (D:3)
  An ogre (D:2)
  An orc priest (D:4)
  An orc wizard (D:4)
  3 gnolls (D:3)
  3 adders
  6 worms
  5 dart slugs
  A leopard gecko (D:2)
  4 orcs (D:4)
  5 giant cockroaches
  6 hobgoblins
  A quokka (D:2)
  4 bats
  4 frilled lizards
  5 goblins
  6 kobolds
  7 rats
64 creatures vanquished.

Notes
Turn   | Place    | Note
-------+----------+-------------------------------------------
     0 | D:1      | kaesh the Troll Berserker began the quest for the Orb.
     0 | D:1      | Reached XP level 1. HP: 22/22 MP: 0/0
   124 | D:1      | Reached XP level 2. HP: 26/29 MP: 1/1
   202 | D:1      | Reached skill level 3 in Maces & Flails
   436 | D:1      | Reached ** piety under Trog
   634 | D:2      | Found a blossoming altar of Fedhas.
   647 | D:2      | Reached XP level 3. HP: 21/36 MP: 2/2
   852 | D:2      | Noticed an ogre
   860 | D:2      | Killed an ogre
   860 | D:2      | Reached skill level 4 in Maces & Flails
   860 | D:2      | Reached XP level 4. HP: 45/45 MP: 3/3
   872 | D:2      | Reached XP level 5. HP: 46/53 MP: 4/4
  1801 | D:3      | Noticed a phantom
  1829 | D:3      | Killed a phantom
  1895 | D:3      | Reached XP level 6. HP: 41/61 MP: 5/5
  2179 | D:3      | HP: 4/91 [poisoned by an adder]
  2183 | D:3      | Reached skill level 5 in Maces & Flails
  2488 | D:3      | Found an ornate altar of the Wu Jian Council.
  2494 | D:3      | Lost intelligence.
  2584 | D:4      | Found a sacrificial altar of Ru.
  2672 | D:4      | HP: 2/61 [orc/hand axe (8)]
  2672 | D:4      | Slain by an orc

Skill      XL: |  1  2  3  4  5  6 |
---------------+-------------------+-----
Maces & Flails | 3 4 5 |  5.2
Dodging        | 3 |  3.7
Fighting       | 3 |  3.3

Action                   |  1- 3 |  4- 6 || total
-------------------------+-------+-------++-------
Melee: Mace              |   103 |       ||   103
       Giant spiked club |       |   145 ||   145
Invok: Berserk           |     2 |     2 ||     4
  Use: Scroll            |     4 |     4 ||     8
       Potion            |     4 |     4 ||     8
  Eat: Chunk             |    15 |    15 ||    30
Armor: Animal skin       |    34 |    80 ||   114
Dodge: Dodged            |    48 |   138 ||   186
